Map: Catalyst LE

Players

Cyan

  • Race: Protoss Protoss
  • Spawn Location: 5:00

uThermal - Winner!

  • Race: Terran Terran
  • Spawn Location: 11:00

Event: WCS Leipzig 2018

VOD

Have the link to the VOD?

Description

Time

  • Played on: Jan. 26, 2018, 2:03 p.m.
  • Length: 10:20

All games in this series

Show
View Real Time Build Order
Export as new Build Order

Cyan Protoss 

Build Orders: 1 Gate Expand, Blink Stalkers 

Get SALT Encoding   

  12  0:00  Probe  
  13  0:12  Probe  
  14  0:19  Pylon  
  14  0:24  Probe  
  15  0:37  Probe (Chrono Boost)  
  15  0:38  Gateway  
  16  0:49  Probe (Chrono Boost), Assimilator  
  17  0:53  Probe (Chrono Boost)  
  18  1:03  Probe  
  19  1:15  Probe  
  20  1:27  Nexus  
  20  1:37  Cybernetics Core  
  20  1:39  Probe  
  21  1:47  Assimilator  
  21  1:51  Probe  
  22  1:56  Pylon  
  22  2:03  Probe  
  23  2:12  Stalker (Chrono Boost)  
  23  2:15  Probe, Warp Gate  
  26  2:26  Twilight Council  
  26  2:29  Probe  
  27  2:35  Stalker  
  28  2:40  Probe (Chrono Boost)  
  30  2:44  Probe (Chrono Boost)  
  30  2:50  Probe (Chrono Boost)  
  31  2:51  Probe (Chrono Boost)  
  31  2:55  Probe (Chrono Boost)  
  32  2:59  Probe, Blink (Chrono Boost)  
  33  3:06  Probe  
  34  3:13  Probe  
  34  3:18  Probe, Stalker  
  38  3:25  Probe  
  38  3:26  Gateway  
  39  3:30  Probe  
  40  3:36  Gateway  
  40  3:38  Probe  
  41  3:42  Probe  
  41  3:46  Pylon  
  42  3:50  Probe  
  42  3:54  Probe  
  44  3:56  Robotics Facility  
  44  4:02  Probe, Pylon  
  45  4:07  Probe, Assimilator  
  46  4:10  Assimilator  
  46  4:14  Probe  
  47  4:19  Probe  
  47  4:22  Stalker x2  
  52  4:26  Probe, Pylon  
  53  4:31  Probe  
  53  4:32  Stalker  
  53  4:35  Pylon  
  57  4:47  Probe, Robotics Bay  
  57  4:48  Immortal (Chrono Boost)  
  59  4:55  Stalker  
  59  4:56  Stalker  
  59  4:58  Stalker  
  53  5:17  Immortal (Chrono Boost)  
  53  5:21  Stalker x2  
  61  5:24  Stalker  
  61  5:25  Probe  
  64  5:33  Probe  
  65  5:37  Pylon  
  65  5:38  Pylon  
  65  5:42  Robotics Bay  
  65  5:47  Forge  
  65  5:49  Forge  
  65  5:51  Warp Prism (Chrono Boost)  
  65  5:56  Probe  
  66  5:58  Probe  
  67  6:08  Probe  
  67  6:10  Probe  
  69  6:16  Nexus  
  67  6:19  Protoss Ground Weapons Level 1 (Chrono Boost)  
  67  6:20  Observer (Chrono Boost), Probe  
  67  6:24  Pylon  
  69  6:28  Probe  
  70  6:37  Colossus (Chrono Boost)  
  76  6:40  Protoss Ground Armor Level 1 (Chrono Boost)  
  76  6:45  Gateway  
  76  6:46  Sentry x2  
  70  6:57  Gateway  
  70  6:59  Gateway  
  70  7:00  Extended Thermal Lance  
  70  7:01  Observer  
  70  7:14  Gateway  
  70  7:16  Pylon  
  70  7:21  Charge (Chrono Boost)  
  70  7:27  Colossus (Chrono Boost)  
  70  7:29  Stalker x2  
  79  7:31  Zealot  
  79  7:36  Shield Battery  
  81  7:38  Shield Battery  
  81  7:58  Zealot x3  
  83  8:00  Zealot x2  
  83  8:04  Zealot  
  91  8:14  Colossus  
  91  8:18  Zealot x3  
  103  8:28  Zealot x2  
  103  8:30  Zealot  
  107  8:40  Stalker, Zealot x2  
  101  8:50  Zealot x3  
  105  9:00  Zealot  
  105  9:01  Zealot  
  82  9:07  Zealot  
  70  9:18  Zealot x3  
  76  9:27  Stalker x2  
  76  9:28  Zealot  
  74  9:32  Pylon  
  74  9:33  Immortal (Chrono Boost)  
  70  9:40  Stalker x2  
  70  9:42  Zealot  
  72  9:49  Zealot x2  
  72  9:51  Stalker  
  64  10:00  Zealot x2  
  64  10:01  Gateway  
  64  10:03  Zealot  
Show
View Real Time Build Order
Export as new Build Order

uThermal Terran - Winner!

Build Orders: Reaper Expand, Bio Tank 

Get SALT Encoding   

  12  0:01  SCV  
  13  0:13  SCV  
  14  0:17  Supply Depot  
  14  0:25  SCV  
  15  0:39  SCV  
  15  0:40  Barracks  
  16  0:44  Refinery  
  16  0:51  SCV  
  17  1:03  SCV  
  18  1:15  SCV  
  19  1:28  Orbital Command, Reaper  
  20  1:43  Command Center  
  20  1:53  SCV  
  21  1:57  Barracks  
  21  2:02  Barracks Reactor  
  21  2:05  SCV  
  22  2:10  Supply Depot  
  22  2:17  SCV  
  23  2:23  Factory  
  23  2:32  SCV, Refinery  
  24  2:38  Marine x2  
  24  2:44  SCV, Barracks Tech Lab  
  27  2:55  Marine x2  
  29  2:58  Orbital Command  
  29  3:00  SCV  
  30  3:10  Marine  
  31  3:13  Marine x2  
  31  3:15  Siege Tank  
  31  3:19  SCV  
  37  3:23  Supply Depot  
  37  3:26  SCV  
  38  3:30  Marine  
  38  3:31  SCV  
  38  3:33  Marine  
  41  3:34  Marine  
  41  3:40  SCV  
  43  3:43  SCV  
  43  3:47  Siege Tank  
  43  3:48  Marine  
  48  3:51  Marine  
  48  3:53  Supply Depot  
  49  3:56  Marine  
  49  4:01  SCV  
  51  4:03  Engineering Bay  
  51  4:05  Marine  
  51  4:06  SCV  
  51  4:09  Marine  
  54  4:15  SCV  
  54  4:16  Barracks  
  55  4:21  Marine  
  58  4:25  Barracks Tech Lab, Siege Tank  
  58  4:27  SCV  
  60  4:32  Supply Depot  
  60  4:34  Missile Turret  
  60  4:35  SCV  
  60  4:46  Stimpack  
  60  4:47  SCV  
  60  4:50  Bunker  
  61  4:53  Marine  
  61  4:58  SCV  
  61  4:59  Marine  
  64  5:02  Marine  
  56  5:11  Marine  
  56  5:12  Bunker  
  56  5:13  Bunker, Barracks Reactor  
  53  5:14  SCV  
  53  5:16  Marine  
  53  5:20  Marine  
  52  5:25  SCV  
  52  5:26  SCV  
  52  5:27  Starport  
  50  5:28  Siege Tank  
  50  5:29  Marine  
  50  5:32  Refinery  
  50  5:34  Marine  
  52  5:37  SCV, Terran Infantry Weapons Level 1  
  52  5:39  SCV  
  52  5:40  Marine  
  55  5:47  Refinery  
  55  5:49  SCV, Marine x3  
  59  5:51  SCV  
  60  5:58  Marine  
  60  5:59  Barracks x2  
  60  6:00  Marine  
  60  6:01  SCV  
  62  6:05  Siege Tank  
  62  6:06  SCV  
  62  6:09  Marine  
  64  6:13  Marine  
  64  6:15  Marine  
  64  6:17  SCV, Supply Depot, Marine  
  64  6:18  Supply Depot  
  67  6:20  Marine  
  67  6:22  Starport Reactor  
  68  6:25  SCV  
  68  6:31  Marine  
  70  6:39  SCV, Supply Depot, Marine x2, Siege Tank  
  76  6:42  Supply Depot, Marine  
  76  6:45  Marine x2  
  79  6:47  Barracks Reactor  
  75  6:56  Combat Shields  
  75  6:57  Supply Depot, Marine  
  75  6:59  Medivac x2, Marine  
  75  7:00  Marine  
  82  7:02  Marine  
  82  7:06  Marine  
  84  7:10  Marine  
  84  7:11  Siege Tank  
  84  7:14  Marine  
  88  7:17  Supply Depot, Marine  
  88  7:20  Marine  
  90  7:22  Marine  
  90  7:25  Marine x2  
  90  7:26  Marine  
  90  7:28  Marine  
  95  7:31  Terran Infantry Armor Level 1  
  95  7:32  Marine  
  95  7:33  Medivac  
  95  7:35  Marine  
  99  7:38  Marine  
  99  7:40  Marine  
  99  7:41  Supply Depot  
  99  7:43  Marine x3  
  104  7:46  Marine  
  104  7:47  Siege Tank  
  104  7:50  Marine  
  108  7:53  Marine  
  108  7:57  Medivac, Marine  
  108  7:58  Marine  
  109  8:01  Marine x2  
  109  8:02  Marine  
  109  8:04  Supply Depot, Marine  
  114  8:08  Marine  
  114  8:12  Viking  
  116  8:22  Marine  
  116  8:23  Marine  
  116  8:24  Siege Tank  
  116  8:26  Marine  
  122  8:27  Viking  
  123  8:38  Marine  
  123  8:39  Marine  
  119  8:44  Viking  
  119  8:45  Marine x2  
  119  8:47  Marine  
  124  8:56  Siege Tank  
  124  8:57  Viking  
  124  9:00  Marine  
  101  9:04  Marine x2  
  101  9:05  Marine  
  101  9:06  Marine  
  101  9:08  Marine x2  
  101  9:09  Liberator  
  104  9:10  Marine  
  98  9:18  Marine  
  98  9:21  Marine  
  98  9:22  Marine  
  98  9:23  Marine  
  93  9:24  Marine  
  93  9:26  Marine x2  
  93  9:28  Marine, Siege Tank  
  102  9:35  Marine  
  103  9:39  Marine  
  103  9:40  Marine  
  103  9:45  Marine  
  103  9:46  Marine  
  103  9:49  Marine x2  
  108  9:55  Marine  
  108  9:56  Marine  
  107  10:00  Marine  
  107  10:02  Marine  
Tags
 
Add a new tag
Caveats
  • Supply blocks, unpowered buildings, or Contaminate may cause inaccurate times.
  • Supply counts are checked every 10 seconds.